 Dungeon Sprint DCSS version 0.19.4-10-g532645f (webtiles) character file.

954 equalderp2856 the Gouger (level 7, 0/36 HPs)
             Began as a Felid Fighter on Feb 23, 2017.
             Was an Initiate of Gozag.
             Incinerated by a smoke demon (2 damage)
             ... with a sticky flame
             ... in the Dungeon (Sprint VII: "The Pits").
             The game lasted 00:05:11 (1465 turns).

equalderp2856 the Gouger (Felid Fighter)            Turns: 1465, Time: 00:05:11

Health: 0/36       AC:  2    Str: 13    XL:     7   Next: 90%
Magic:  8/8        EV: 28    Int: 10    God:    Gozag
Gold:   1557       SH:  0    Dex: 16    Spells: 0 memorised, 6 levels left
                                        Lives:  0   Deaths: 2

rFire  . . .     SeeInvis +       - Unarmed
rCold  . . .     Gourm    .     (armour unavailable)
rNeg   . . .     Faith    .     (shield unavailable)
rPois  .         Spirit   .     (helmet unavailable)
rElec  .         Reflect  .     (cloak unavailable)
rCorr  .         Harm     .     (gloves unavailable)
MR     +....     NoTele   +     (boots unavailable)
Stlth  +.........               (no amulet)
                                (no ring)
                                (no ring)

@: exhausted, liquid flames, glowing, quick
A: no armour, no weapons or thrown items, stealth, claws 1, fangs 3, see
invisible, carnivore 3, speed 1, shaggy fur 2, slow metabolism 1, sharp paws
a: Potion Petition, Call Merchant, Bribe Branch, Renounce Religion


You were in the Dungeon.
You worshipped Gozag.
Gozag was most pleased with you.
You were not hungry.

You visited 1 branch You collected 1557 gold pieces.

Inventory:

Scrolls
 h - a scroll of blinking
 j - 3 scrolls of remove curse
 k - 5 scrolls of amnesia
 l - a scroll of summoning
Potions
 a - a potion of might
 e - a potion of haste
 f - 4 potions of magic
 g - a potion of berserk rage
 i - 2 potions of invisibility
 m - a potion of flight {unknown}
Comestibles
 b - 8 meat rations


   Skills:
 + Level 7.3 Fighting
 + Level 12.4 Dodging
 + Level 3.7 Stealth
 + Level 14.4 Unarmed Combat


You had 6 spell levels left.
You didn't know any spells.

Dungeon Overview and Level Annotations

Branches:
Dungeon (1/1)

Altars:
Ashenzari
Cheibriados
Dithmenos
Elyvilon
Fedhas
Gozag
Hepliaklqana
Kikubaaqudgha
Makhleb
Nemelex Xobeh
Okawaru
Qazlal
Ru
Sif Muna
Trog
Uskayaw
Vehumet
Xom
Yredelemnul
Zin
The Shining One
Beogh
Jiyva
Lugonu


Innate Abilities, Weirdness & Mutations

You cannot wear armour.
You are incapable of wielding weapons or throwing items.
Your paws allow you to move quietly. (Stealth)
You have sharp claws.
You have razor-sharp teeth.
You have supernaturally acute eyesight. (SInv)
You are carnivorous and can eat meat at any time.
You cover ground quickly.
You are covered in thick fur. (AC +2)
You have a slow metabolism.
Your sharp claws are effective at attacking unaware monsters.


Message History

You are covered in liquid flames!
* * * LOW HITPOINT WARNING * * *
You feel better.
You are covered in liquid flames!
* * * LOW HITPOINT WARNING * * *
The smoke demon completely misses you. x2; The smoke demon hits you.
* * * LOW HITPOINT WARNING * * *
You feel better.
You are covered in liquid flames!
* * * LOW HITPOINT WARNING * * *
You feel yourself speed up. The smoke demon closely misses you.
The smoke demon completely misses you. The smoke demon closely misses you.
The smoke demon hits you.
* * * LOW HITPOINT WARNING * * *
The smoke demon completely misses you. x2
You scratch the smoke demon.
The smoke demon is heavily wounded.
You are covered in liquid flames!
You die...
Your body crumbles into a pile of gold.

#.####'##'###...<...##..l#
#.#........##.......##..##
#.#........##.......##..#
#'###########.......#
#..#.#.##..##########
#.......#.######
##.#3#.##)#....#
#.).....#'#....#
##.#.#.##@'....+
#.......#3#....#
##.#.#..')#....#
###############


You could see a smoke demon.

Vanquished Creatures
  An ugly thing (D)
  An orc knight (D)
  A basilisk (D)
  A black bear (D)
  2 ice beasts (D)
  A bullfrog (D)
  Jessica (D)
  Terence (D)
  A worker ant (D)
  A gnoll (D)
  A river rat (D)
  A white imp (D)
  2 oozes (D)
  A bat skeleton (D)
  A bat zombie (D)
  2 goblins (D)
  3 jackals (D)
  A bat (D)
  A giant cockroach zombie (D)
  2 rats (D)
26 creatures vanquished.

Notes
Turn   | Place    | Note
-------+----------+-------------------------------------------
     0 | D        | equalderp2856 the Felid Fighter began the quest for the Orb.
     0 | D        | Reached XP level 1. HP: 10/10 MP: 2/2
    20 | D        | Found a radiant altar of Vehumet.
    20 | D        | Found a hide-covered altar of Uskayaw.
    20 | D        | Found an ancient bone altar of Kikubaaqudgha.
    20 | D        | Found a viscous altar of Jiyva.
    20 | D        | Found a hazy altar of Hepliaklqana.
    21 | D        | Found a bloodstained altar of Trog.
    21 | D        | Found a deep blue altar of Sif Muna.
    21 | D        | Found a sacrificial altar of Ru.
    21 | D        | Found a stormy altar of Qazlal.
    21 | D        | Found an iron altar of Okawaru.
    21 | D        | Found a sparkling altar of Nemelex Xobeh.
    21 | D        | Found an opulent altar of Gozag.
    21 | D        | Found a blossoming altar of Fedhas.
    21 | D        | Found a white marble altar of Elyvilon.
    21 | D        | Found a shadowy altar of Dithmenos.
    21 | D        | Found a snail-covered altar of Cheibriados.
    22 | D        | Found a glowing golden altar of the Shining One.
    22 | D        | Found a glowing silver altar of Zin.
    23 | D        | Found a burning altar of Makhleb.
    23 | D        | Found a basalt altar of Yredelemnul.
    23 | D        | Found a roughly hewn altar of Beogh.
    24 | D        | Found a corrupted altar of Lugonu.
    24 | D        | Found a shimmering altar of Xom.
    24 | D        | Found a shattered altar of Ashenzari.
    27 | D        | Became a worshipper of Gozag Ym Sagoz the Greedy
   115 | D        | Noticed a worker ant
   126 | D        | Killed a worker ant
   126 | D        | Reached skill level 5 in Dodging
   126 | D        | Reached skill level 5 in Unarmed Combat
   126 | D        | Reached XP level 2. HP: 5/15 MP: 3/3
   331 | D        | Reached skill level 6 in Unarmed Combat
   333 | D        | Reached XP level 3. HP: 18/18 MP: 4/4
   514 | D        | Noticed a black bear
   515 | D        | Noticed an ice beast
   530 | D        | Killed a black bear
   530 | D        | Reached skill level 5 in Fighting
   530 | D        | Reached skill level 8 in Unarmed Combat
   530 | D        | Reached XP level 4. HP: 16/23 MP: 5/5
   530 | D        | Reached XP level 5. HP: 19/26 MP: 6/6
   779 | D        | Noticed Terence
   786 | D        | Killed Terence
   786 | D        | Reached skill level 9 in Unarmed Combat
   789 | D        | Noticed an orc knight
   792 | D        | Slain by an orc knight
   793 | D        | Reached XP level 4. HP: 0/24 MP: 5/5
   845 | D        | Killed an orc knight
   845 | D        | Reached skill level 10 in Dodging
   845 | D        | Reached skill level 1 in Stealth
   845 | D        | Reached skill level 12 in Unarmed Combat
   845 | D        | Reached XP level 5. HP: 14/28 MP: 6/6
   845 | D        | Gained mutation: You are covered in thick fur. (AC +2) [Felid growth]
   845 | D        | Reached XP level 6. HP: 15/31 MP: 7/7
  1053 | D        | Noticed an ice beast
  1053 | D        | Noticed Jessica
  1056 | D        | Killed Jessica
  1061 | D        | Killed an ice beast
  1061 | D        | Reached XP level 7. HP: 34/35 MP: 8/8
  1073 | D        | Noticed a red ugly thing
  1073 | D        | Noticed a basilisk
  1118 | D        | Reached skill level 13 in Unarmed Combat
  1171 | D        | Slain by a red ugly thing
  1172 | D        | Reached XP level 6. HP: -3/31 MP: 7/7
  1189 | D        | Killed an ice beast
  1197 | D        | Killed a basilisk
  1197 | D        | Reached XP level 7. HP: 22/36 MP: 8/8
  1399 | D        | Noticed a smoke demon
  1433 | D        | HP: 2/54 [red ugly thing (19)]
  1437 | D        | Killed a red ugly thing
  1437 | D        | Reached skill level 14 in Unarmed Combat
  1461 | D        | HP: 1/36 [smoke demon/divine providence (15)]
  1465 | D        | Incinerated by a smoke demon

Skill      XL: |  1  2  3  4  5  6  7 |
---------------+----------------------+-----
Fighting       | 4 5 6 7 |  7.3
Dodging        | 5 7 10 12 | 12.4
Unarmed Combat | 5 6 8 12 9 14 | 14.4
Stealth        | 1 3 |  3.7

Action                   |  1- 3 |  4- 6 |  7- 9 || total
-------------------------+-------+-------+-------++-------
Melee: Unarmed           |    35 |    44 |    21 ||   100
       Bite              |     7 |     5 |     1 ||    13
       Punch             |       |     2 |     2 ||     4
  Use: Potion            |     1 |     3 |    10 ||    14
Armor: Skin              |     1 |       |       ||     1
Dodge: Dodged            |    38 |    30 |    49 ||   117
